 Dungeon Crawl Stone Soup version 0.28.0 (webtiles) character file.

Game seed: 11131330030834728090

54 trckry the Grave Robber (level 3, -1/26 HPs)
             Began as a Demonspawn Wanderer on Feb 12, 2022.
             Was a Follower of Makhleb.
             Succumbed to an adder's poison
             ... on level 3 of the Dungeon.
             The game lasted 00:04:26 (3066 turns).

trckry the Grave Robber (Demonspawn Wanderer)       Turns: 3066, Time: 00:04:26

Health: -1/26      AC:  5    Str: 10    XL:     3   Next: 66%
Magic:  6/6        EV: 12    Int: 18    God:    Makhleb [*.....]
Gold:   115        SH:  0    Dex: 11    Spells: 3/6 levels left

rFire   . . .      SeeInvis .   e - +0 spear
rCold   . . .      Faith    .   (no shield)
rNeg    . . .      Spirit   .   b - +0 robe
rPois   .          Reflect  .   c - +0 helmet
rElec   .          Harm     .   j - +0 cloak
rCorr   .          Rampage  .   i - +0 pair of gloves
Will    .....                   (no boots)
Stlth   +.........              (no amulet)
HPRegen 0.08/turn               (no ring)
MPRegen 0.10/turn               (no ring)

@: lethally poisoned (-1 -> -18)
A: demonic guardian 1
a: Renounce Religion


You were on level 3 of the Dungeon.
You worshipped Makhleb.
Makhleb was aware of your devotion.
You visited 1 branch of the dungeon, and saw 3 of its levels.

You collected 115 gold pieces.

Inventory:

Hand Weapons
 e - a +0 spear (weapon)
Armour
 b - a +0 robe (worn)
 c - a +0 helmet (worn)
 i - a +0 pair of gloves (worn)
 j - a +0 cloak (worn)
Jewellery
 m - a ring of flight
Wands
 k - a wand of digging (5)
Scrolls
 a - a scroll of vulnerability {unknown}
 d - a scroll of fear {unknown}
 f - 2 scrolls of identify {unknown}
 g - a scroll of noise {unknown}
 h - a scroll of blinking {unknown}
Potions
 l - a potion of haste {unknown}
 n - a potion of experience {unknown}
 o - a potion of cancellation {unknown}


   Skills:
 - Level 1.0 Fighting
 - Level 1.7 Dodging
 + Level 2.0 Spellcasting
 + Level 2.8 Summonings
 + Level 4.9 Necromancy


You had 3 spell levels left.
You knew the following spells:

 Your Spells              Type           Power      Damage    Failure   Level
a - Animate Skeleton      Necr           38%        N/A       2%          1
b - Corpse Rot            Necr/Air       20%        N/A       10%         2

Your spell library contained the following spells:

 Spells                   Type           Power      Damage    Failure   Level
 Sublimation of Blood     Necr           19%        N/A       3%          2
 Summon Small Mammal      Summ           48%        N/A       5%          1
 Call Canine Familiar     Summ           12%        N/A       17%         3
 Blink                    Tloc           2%         N/A       26%         2
 Lesser Beckoning         Tloc           1%         N/A       47%         3
 Manifold Assault         Tloc           1%         N/A       99%         5


Dungeon Overview and Level Annotations

Branches:
Dungeon (3/15)

Altars:
Makhleb


Innate Abilities, Weirdness & Mutations

A weak demonic guardian rushes to your aid.


Message History

You feel sick. The adder barely misses you.
You closely miss the adder.
The adder is heavily wounded.
You feel sick. The adder bites you. The adder misses you.
You closely miss the adder.
The adder is heavily wounded.
You feel sick. The adder bites you.
You closely miss the adder.
The adder is heavily wounded.
You feel sick. The adder bites you but does no damage. The adder misses you.
You closely miss the adder.
The adder is heavily wounded.
You feel sick. The adder barely misses you.
You hit the adder.
The adder is severely wounded.
You feel sick.
You are no longer poisoned.
The adder barely misses you.
You miss the adder.
The adder is severely wounded.
The adder bites you.
You are poisoned.
The adder poisons you! The adder bites you.
You barely miss the adder.
The adder is severely wounded.
You feel sick. The adder bites you but does no damage.
A kobold comes into view. It is wielding a +0 short sword.
You barely miss the adder.
The adder is severely wounded.
You feel sick.
The kobold shouts!
The adder bites you.
* * * LOW HITPOINT WARNING * * *
You are lethally poisoned!
The adder poisons you! The adder bites you.
* * * LOW HITPOINT WARNING * * *
A demonic guardian appears!
You are more poisoned.
The adder poisons you!
You die...

#.... #.#.# ##
#.#.# .#
###.#.# ..###
.....## .....
#....# ......
###....##5....#
#..<...........
###...@.S....K.
###.###..#.##
#.# .# ... ..
##.## ## ...
... ...


You could see an adder (ally target), a kobold and a friendly ufetubus
(summoned).

Vanquished Creatures
  An adder (D:2)
  A dart slug (D:2)
  A ball python (D:1)
  5 endoplasms
  3 giant cockroaches (D:1)
  3 goblins
  2 hobgoblins (D:1)
  4 kobolds
  A quokka (D:1)
  3 bats
  2 frilled lizards
  3 rats
29 creatures vanquished.

Vanquished Creatures (collateral kills)
  An adder (D:2)
  A quokka (D:2)
2 creatures vanquished.

Grand Total: 31 creatures vanquished

Notes
Turn   | Place    | Note
-------+----------+-------------------------------------------
     0 | D:1      | trckry the Demonspawn Wanderer began the quest for the Orb.
     0 | D:1      | trckry set off with the following items: a +0 dagger, a +0
                  | robe, a +0 helmet; and the following spells available to
                  | memorise: Animate Skeleton, Sublimation of Blood, Summon
                  | Small Mammal, Corpse Rot, Call Canine Familiar
     0 | D:1      | Reached XP level 1. HP: 15/15 MP: 2/2
     2 | D:1      | Learned a level 1 spell: Animate Skeleton
   383 | D:1      | HP: 2/15 [frozen (5)]
   787 | D:1      | Gained mutation: A weak demonic guardian rushes to your
                  | aid. [demonic ancestry]
   787 | D:1      | Reached XP level 2. HP: 11/21 MP: 4/4
  1448 | D:1      | Learned a level 2 spell: Corpse Rot
  1727 | D:2      | Found a faded altar of an unknown god.
  1763 | D:2      | Prayed at the altar of an unknown god.
  1763 | D:2      | Became a worshipper of Makhleb the Destroyer
  1763 | D:2      | Reached * piety under Makhleb
  1830 | D:2      | Reached XP level 3. HP: 26/26 MP: 5/5
  3065 | D:3      | HP: 3/26 [adder (3)]
  3066 | D:3      | Succumbed to an adder's poison

Illustrated notes

Levels and vault maps discovered:
D:1:      lemuel_arrival_cross, layout_loops_ring, nrook_mini_backslash,
          minmay_misc_feat_columns, minivault_19, chequers_serial_rivers_micro_b
D:2:      layout_basic, hellmonk_ecumenical_altar_lost_god,
          kennysheep_generic_room_7
D:3:      layout_basic, st_stairs_11, minmay_joined_circles

Skill      XL: |  1  2  3 |
---------------+----------+-----
Spellcasting   | 2 |  2.0
Fighting       | |  1.0
Dodging        | |  1.7
Summonings     | |  2.8
Necromancy     | |  4.9

Action                   || total
-------------------------++-------
Melee: Spear             ||   141
       Dagger            ||    13
       Punch             ||     1
 Cast: Animate Skeleton  ||     2
 Stab: Sleeping          ||     2
Armor: Robe              ||    43
Dodge: Dodged            ||    80
